 Dungeon Crawl Stone Soup version 0.18.1-50-g88ac8fd (webtiles) character file.

1807 magog001 the Cleaver (level 8, -1/78 HPs)
             Began as a Minotaur Fighter on Nov 14, 2017.
             Slain by a gnoll
             ... wielding a +0 halberd
              (6 damage)
             ... on level 5 of the Dungeon.
             The game lasted 00:27:46 (5107 turns).

magog001 the Cleaver (Minotaur Fighter)             Turns: 5107, Time: 00:27:47

Health: -1/78      AC:  9    Str: 23    XL:     8   Next: 84%
Magic:  8/11       EV:  8    Int: 10    God:
Gold:   155        SH: 11    Dex: 10    Spells: 0 memorised, 12 levels left

rFire  . . .     SeeInvis .     t - +0 spear (venom)
rCold  . . .     Gourm    .     b - +1 scale mail
rNeg   . . .     Faith    .     c - +0 shield
rPois  .         Spirit   .     (helmet restricted)
rElec  .         Dismiss  .     (no cloak)
rCorr  .         Reflect  .     (no gloves)
SustAt .         Harm     .     (no boots)
MR     .....                    (no amulet)
Stlth  ..........               (no ring)
                                (no ring)

@: brilliant, flying, not resistant to hostile enchantments, extremely
unstealthy
A: retaliatory headbutt, horns 2
a: no special abilities


You were on level 5 of the Dungeon.
You were not hungry.

You visited 1 branch of the dungeon, and saw 5 of its levels.

You collected 155 gold pieces.

Inventory:

Hand Weapons
 a - a +0 war axe
 t - a +0 spear of venom (weapon)
Missiles
 d - 2 silver tomahawks
 l - 4 curare-tipped needles
 p - 32 sling bullets
 q - 37 stones (quivered)
 u - 2 tomahawks
Armour
 b - a +1 scale mail (worn)
 c - a +0 shield (worn)
Jewellery
 h - an uncursed amulet of magic regeneration {unknown}
 i - an uncursed ring of magical power {unknown}
Scrolls
 e - 2 scrolls of identify
 j - a scroll of recharging
 k - a scroll of teleportation
 o - a scroll of remove curse
 s - a scroll of fear {unknown}
Potions
 v - a potion of agility
Comestibles
 f - 2 bread rations
 g - 18 chunks of flesh


   Skills:
 + Level 9.4 Fighting
 * Level 10.2 Axes
 + Level 8.4 Armour
 + Level 0.3 Stealth
 + Level 8.6 Shields
 + Level 2.8 Spellcasting


You had 12 spell levels left.
You didn't know any spells.

Dungeon Overview and Level Annotations

Branches:
Dungeon (5/15)
 Temple: D:4-7

Altars:
Okawaru
Qazlal
Trog
Xom

Shops:
D:4 :


Innate Abilities, Weirdness & Mutations

You reflexively headbutt those who attack you in melee.
You have a pair of horns on your head.


Message History

You block the gnoll's attack.
Some of the chunks of flesh in your inventory have rotted away.
You block the gnoll's attack. The gnoll hits you but does no damage.
The gnoll shouts!
There is an open door here.
The gnoll shouts!
You block the gnoll's attack. The gnoll hits you.
* * * LOW HITPOINT WARNING * * *
There is a huge open gate here.
You kill the gnoll!
The gnoll completely misses you. You block the gnoll's attack.
You block the gnoll's attack. x2
The gnoll hits you from afar with a spear.
* * * LOW HITPOINT WARNING * * *
Found a shimmering altar of Xom.
You block the gnoll's attack.
The gnoll hits you from afar with a halberd.
You die...

#.# ### #.# .^^. #.# ####.._. #.#
......^. #.# #...##..[.. #.#
#......... #)# #.#.##..# ##
#####.######.#.##..#####.#.
.....)..÷.......@..........
≈≈≈≈≈≈≈≈≈≈≈≈≈≈≈≈ggg..≈≈≈≈≈≈
≈≈≈≈≈≈≈≈≈≈≈≈≈≈≈≈≈.gg.≈≈≈≈≈≈
#####≈≈≈≈≈≈)≈≈)≈≈g...≈≈≈≈≈≈
#ggg#.....)(...............
#...#############''''############
###+# ......#....#........... ≈.#
......'....)........... ≈.#
......#....#...........


You could see 6 gnolls.

Vanquished Creatures
  2 ogres
  A gnoll sergeant (D:5)
  A hound (D:4)
  2 gnoll shamans (D:5)
  2 orc wizards (D:4)
  An iguana (D:3)
  2 worker ants
  25 gnolls
  10 adders
  An ooze (D:3)
  An adder zombie (D:4)
  An adder skeleton (D:4)
  5 worms
  A dart slug (D:3)
  8 orcs
  10 bats
  4 giant cockroaches
  9 hobgoblins
  29 jackals
  2 quokkas
  3 ball pythons
  6 giant newts
  8 goblins
  6 kobolds
  5 rats
145 creatures vanquished.

Notes
Turn   | Place    | Note
--------------------------------------------------------------
     0 | D:1      | magog001 the Minotaur Fighter began the quest for the Orb.
     0 | D:1      | Reached XP level 1. HP: 19/19 MP: 0/0
   126 | D:1      | Reached XP level 2. HP: 22/27 MP: 1/1
   935 | D:2      | Reached XP level 3. HP: 32/33 MP: 2/2
  1046 | D:2      | Reached skill level 3 in Axes
  1537 | D:2      | Reached XP level 4. HP: 40/40 MP: 3/3
  2169 | D:3      | Found a bloodstained altar of Trog.
  2555 | D:3      | Found an iron altar of Okawaru.
  2575 | D:3      | Reached XP level 5. HP: 43/46 MP: 4/4
  2604 | D:3      | Reached skill level 4 in Axes
  2618 | D:3      | Found a stormy altar of Qazlal.
  2936 | D:4      | Noticed an ogre
  2942 | D:3      | Killed an ogre
  2942 | D:3      | Reached skill level 5 in Axes
  3100 | D:3      | Reached skill level 5 in Armour
  3100 | D:3      | Reached XP level 6. HP: 25/53 MP: 5/5
  3318 | D:4      | Reached skill level 5 in Shields
  3515 | D:4      | Found Naihao's Book Shoppe.
  4392 | D:4      | Reached skill level 5 in Fighting
  4398 | D:4      | Reached XP level 7. HP: 60/61 MP: 6/6
  4592 | D:5      | Entered Level 5 of the Dungeon
  4862 | D:5      | Reached skill level 6 in Axes
  5082 | D:5      | HP: 2/61 [gnoll (4)]
  5085 | D:5      | Reached skill level 10 in Axes
  5085 | D:5      | Reached XP level 8. HP: 4/78 MP: 6/11
  5106 | D:5      | Found a shimmering altar of Xom.
  5107 | D:5      | Slain by a gnoll

Skill      XL: |  1  2  3  4  5  6  7 |
---------------+----------------------+-----
Armour         | 4 5 8 |  8.4
Fighting       | 4 5 9 |  9.4
Shields        | 4 5 8 |  8.6
Axes           | 3 5 10 | 10.2
Spellcasting   | 2 |  2.8
Stealth        | |  0.3

Action                   |  1- 3 |  4- 6 |  7- 9 || total
-------------------------+-------+-------+-------++-------
Melee: War axe           |    94 |   199 |    76 ||   369
       Headbutt          |    13 |    26 |    19 ||    58
       Spear             |       |       |    38 ||    38
 Fire: Hunting sling     |       |     7 |       ||     7
  Use: Scroll            |       |     5 |     2 ||     7
       Potion            |       |     5 |     4 ||     9
  Eat: Chunk             |     1 |     4 |       ||     5
       Beef jerky        |     1 |       |       ||     1
       Bread ration      |       |     2 |       ||     2
Armor: Scale mail        |    52 |    70 |    29 ||   151
       Skin              |       |    13 |    27 ||    40
Dodge: Dodged            |    44 |    61 |    49 ||   154
Block: Shield            |    51 |    86 |    92 ||   229
